 Dungeon Crawl Stone Soup version 0.31-a0-255-g9c3d1c461a (webtiles) character file.

Game seed: 3697080859520099262

195 qw the Shooter (level 5, -2/45 HPs)
             Began as a Minotaur Hexslinger on July 12, 2023.
             Was an Initiate of Okawaru.
             Constricted to death by Ijyb (5 damage)
             ... on level 3 of the Dungeon.
             The game lasted 00:01:04 (2888 turns).

qw the Shooter (Minotaur Hexslinger)                Turns: 2888, Time: 00:01:04

Health: -2/45      AC:  5    Str: 12    XL:     5   Next: 45%
Magic:  5/5        EV:  8    Int: 10    God:    Okawaru [......]
Gold:   206        SH:  0    Dex: 15    Spells: 5/6 levels left

rFire   . . .        Y - +2 sling
rCold   + . .        (no shield)
rNeg    . . .        c - +0 ring mail
rPois   .            (helmet restricted)
rElec   .            (no cloak)
rCorr   .            (no gloves)
SInv    .            (no boots)
Will    .....        (no amulet)
Stlth   +            g - ring of protection from cold
HPRegen 0.27/turn    (no ring)
MPRegen 0.09/turn

%: no passive effects
@: grasped by roots, constricted
A: horns 2, retaliatory headbutt
a: Renounce Religion


You were on level 3 of the Dungeon.
You worshipped Okawaru.
Okawaru was noncommittal.
You visited 1 branch of the dungeon, and saw 3 of its levels.

You collected 206 gold pieces.


Innate Abilities, Weirdness & Mutations

You have a pair of horns on your head.
You reflexively headbutt those who attack you in melee.


   Skills:
 - Level 3.0 Fighting
 + Level 5.6 Ranged Weapons
 - Level 1.0 Armour
 - Level 2.1 Dodging
 - Level 1.0 Spellcasting
 - Level 2.0 Hexes


You had 5 spell levels left.
You knew the following spells:

 Your Spells              Type           Power      Damage    Failure   Level
a - Slow                  Hex            16%        N/A       34%         1

Your spell library contained the following spells:

 Spells                   Type           Power      Damage    Failure   Level
 Inner Flame              Hex/Fire       2%         N/A       83%         3
 Portal Projectile        Hex/Tloc       4%         N/A       83%         3
 Cause Fear               Hex            2%         N/A       98%         4

Inventory:

Hand Weapons
 Y - a +2 sling (weapon)
Armour
 c - a +0 ring mail (worn)
Jewellery
 g - a ring of protection from cold (left hand)
Scrolls
 a - a scroll of identify
 h - a scroll of teleportation {unknown}
Potions
 b - a potion of curing
 d - a potion of attraction {unknown}
 e - 2 potions of cancellation {unknown}
 f - a potion of degeneration {unknown}
 i - a potion of haste {unknown}

Dungeon Overview and Level Annotations

Branches:
Dungeon (3/15)

Altars:
Cheibriados
Okawaru
Trog

Annotations:
D:2 1 runed translucent door, Crazy Yiuf
D:3 Ijyb


Message History

The sling bullet hits Ijyb but does no damage.
Ijyb screams, "It's all mine!"
Ijyb zaps a wand.
The roots erupt in riotous growth!
The grasping roots grab you! The grasping roots constrict you. x2
You shoot a sling bullet. The sling bullet hits Ijyb.
Ijyb is lightly wounded.
Ijyb hits you with a +0 dagger. The grasping roots constrict you.
You shoot a sling bullet.
The sling bullet hits Ijyb but does no damage.
Ijyb is lightly wounded.
Ijyb hits you with a +0 dagger. The grasping roots constrict you.
The grasping roots release their grip on you.
You shoot a sling bullet. The sling bullet hits Ijyb!
Ijyb is moderately wounded.
Ijyb hits you with a +0 dagger.
You shoot a sling bullet. The sling bullet closely misses Ijyb.
Ijyb zaps a wand.
The roots erupt in riotous growth!
The grasping roots grab you!
Ijyb is unaffected.
The grasping roots constrict you. Ijyb closely misses you.
The grasping roots constrict you.
You shoot a sling bullet.
The sling bullet hits Ijyb but does no damage.
Ijyb is moderately wounded.
Ijyb hits you with a +0 dagger. The grasping roots constrict you!
You shoot a sling bullet. The sling bullet closely misses Ijyb.
Ijyb hits you but does no damage. The grasping roots constrict you.
The grasping roots release their grip on you.
You shoot a sling bullet. The sling bullet closely misses Ijyb.
Ijyb barely misses you.
You shoot a sling bullet.
The sling bullet hits Ijyb but does no damage.
Ijyb is moderately wounded.
Ijyb hits you but does no damage. Ijyb hits you with a +0 dagger.
You shoot a sling bullet. The sling bullet hits Ijyb.
Ijyb is moderately wounded.
Ijyb zaps a wand.
The roots erupt in riotous growth!
The grasping roots grab you!
Ijyb is unaffected.
The grasping roots constrict you.
You die...

#.####. ### ##........##
#.# #. #..
##..........## ##'## ##
#.# ##............##
#...####
#.###..............#
#.......
#+###.##................
#...###.
....#.#.................
#...###.
....'.#.................
#.......
....#.#.......7.@7
#....###
....#.%.)......##g......
###..##.
....#.'........##:......
#.###.
....###.......7..7......
#.# #. ....#
#................. #.#
#. ....#
#................. ##.#
#.
....####................
##..# #. .....#
##...%..........# #..##
#. .....# ##...........
###.## #.


You could see Ijyb.

Vanquished Creatures
  An orc wizard (D:3)
  Natasha (twice) (D:3)
  A mummy (D:3)
  2 adders
  3 worms
  5 dart slugs
  6 orcs (D:3)
  7 endoplasms
  8 goblins
  7 hobgoblins
  4 jackals (D:1)
  7 ball pythons
  4 bats
  3 frilled lizards
  2 kobolds
  4 rats
66 creatures vanquished.

Notes
Turn   | Place    | Note
-------+----------+-------------------------------------------
     0 | D:1      | qw the Minotaur Hexslinger began the quest for the Orb.
     0 | D:1      | Reached XP level 1. HP: 16/16 MP: 1/1
     0 | D:1      | 0 ||| qw: Version: 0.3-a-52-g30416fa
     0 | D:1      | 0 ||| qw: Game counter: 6645
     0 | D:1      | 0 ||| qw: Melee chars always use a shield: true
     0 | D:1      | 0 ||| qw: God list: Okawaru
     0 | D:1      | 0 ||| qw: Allow faded altars: false
     0 | D:1      | 0 ||| qw: Do Orc after clearing Dungeon:15 true
     0 | D:1      | 0 ||| qw: Do second Lair branch before Depths: true
     0 | D:1      | 0 ||| qw: Lair rune preference: random
     0 | D:1      | 0 ||| qw: Goals: Normal
     0 | D:1      | 0 ||| PLANNING D:1-11
   253 | D:1      | Reached skill level 3 in Ranged Weapons
   253 | D:1      | Reached XP level 2. HP: 23/23 MP: 2/2
   684 | D:1      | HP: 5/24 [hobgoblin (2)]
   684 | D:1      | HP: 2/24 [ball python (3)]
   691 | D:1      | 691 ||| FLEEEEING.
   870 | D:1      | 870 ||| UPGRADING to +0 leather armour.
   880 | D:1      | 880 ||| DROPPING +0 robe.
   881 | D:1      | 881 ||| UPGRADING to ring of protection from cold.
   882 | D:1      | 882 ||| READING 2 scrolls labelled SIOTYG ASCHACATH.
   883 | D:1      | 883 ||| READING scroll labelled UTOICU VYXKOEPH.
   884 | D:1      | 884 ||| DROPPING scroll of poison.
   932 | D:2      | Found a faded altar of an unknown god.
   954 | D:2      | 954 ||| FLEEEEING.
   955 | D:2      | 955 ||| FLEEEEING.
   956 | D:2      | 956 ||| FLEEEEING.
   957 | D:2      | 957 ||| FLEEEEING.
   962 | D:2      | 962 ||| STAIRDANCE
   988 | D:1      | 988 ||| READING scroll labelled MIEKUM QEAJY.
  1045 | D:2      | Found an iron altar of Okawaru.
  1046 | D:2      | 1046 ||| PLANNING OKAWARU WORSHIP
  1049 | D:2      | Reached XP level 3. HP: 27/29 MP: 3/3
  1057 | D:2      | Became a worshipper of Warmaster Okawaru
  1058 | D:2      | 1058 ||| PLANNING D:1-11
  1220 | D:2      | Reached skill level 4 in Ranged Weapons
  1222 | D:2      | You fall into a shaft and drop 1 floor!
  1317 | D:3      | Reached XP level 4. HP: 18/36 MP: 4/4
  1319 | D:3      | HP: 7/36 [orc/+0 flail (6)]
  1533 | D:3      | 1533 ||| UPGRADING to +0 ring mail.
  1543 | D:3      | 1543 ||| DROPPING +0 leather armour.
  1544 | D:3      | 1544 ||| READING 2 scrolls of identify.
  1544 | D:3      | 1544 ||| IDENTIFYING puce potion
  1744 | D:2      | Reached skill level 1 in Armour
  1886 | D:2      | Reached skill level 5 in Ranged Weapons
  2026 | D:2      | Found a runed translucent door.
  2027 | D:2      | Noticed Crazy Yiuf
  2194 | D:2      | 2194 ||| READING 2 scrolls labelled BEILEAWUNIA.
  2195 | D:2      | 2195 ||| READING scroll labelled NIJYABL CIALEY.
  2196 | D:2      | 2196 ||| READING scroll labelled NIWYETYING.
  2197 | D:2      | 2197 ||| DROPPING scroll of fog.
  2434 | D:3      | Found a snail-covered altar of Cheibriados.
  2493 | D:3      | Found a bloodstained altar of Trog.
  2596 | D:3      | Reached XP level 5. HP: 34/44 MP: 5/5
  2662 | D:3      | Reached skill level 3 in Fighting
  2705 | D:3      | Noticed Natasha
  2717 | D:3      | Killed Natasha
  2739 | D:3      | Noticed Natasha
  2740 | D:3      | 2740 ||| FLEEEEING.
  2836 | D:3      | Killed Natasha
  2875 | D:3      | Noticed Ijyb
  2884 | D:3      | HP: 8/45 [constriction (7)]
  2885 | D:3      | HP: 3/45 [constriction (5)]
  2888 | D:3      | Constricted to death by Ijyb

Levels and vault maps discovered:
D:1:      evilmike_arrival_rings, layout_basic
D:2:      layout_loops_ring, nicolae_ecumenical_pavilion, basic_altar,
          uniq_crazy_yiuf_cottage
D:3:      kennysheep_big_flooded_room, layout_basic, slow_altar_2, bloody_trog,
          minmay_misc_feat_roman, wander_ebering_terrifying_dragon_lair,
          uniq_ijyb, uniq_natasha

Skill      XL: |  1  2  3  4  5 |
---------------+----------------+-----
Ranged Weapons | 3 4 5 |  5.6
Fighting       | 2 3 |  3.0
Armour         | 1 |  1.0
Dodging        | |  2.1
Spellcasting   | |  1.0
Hexes          | |  2.0

Action                     |  1- 3 |  4- 6 || total
---------------------------+-------+-------++-------
   Fire: Sling             |   110 |   125 ||   235
    Use: Scroll            |     3 |     4 ||     7
 Armour: Robe              |     5 |       ||     5
         Leather armour    |     9 |     1 ||    10
         Ring mail         |       |    25 ||    25
  Dodge: Dodged            |    37 |    31 ||    68

Table legend:
 A = Non-vault XP
 B = Vault XP
 C = Vault XP percentage of total XP
 D = Non-vault monster count
 E = Vault monster count
 F = Vault count percentage of total count
                 A         B        C        D         E       F
            +---------+---------+-------+---------+---------+-------
      Total |     224 |      55 |  19.7 |      61 |       5 |   7.6
            +---------+---------+-------+---------+---------+-------
        D:1 |      28 |       0 |   0.0 |      15 |       0 |   0.0
        D:2 |      65 |       0 |   0.0 |      24 |       0 |   0.0
        D:3 |     131 |      55 |  29.6 |      22 |       5 |  18.5
            +---------+---------+-------+---------+---------+-------
